 Dungeon Crawl Stone Soup version 0.22-a0-348-gd16d1391c7 (webtiles) character file.

3157 Laan the Cleaver (level 10, -8/74 HPs)
             Began as a Formicid Fighter on Apr 7, 2018.
             Was a Follower of the Shining One.
             Killed from afar by Erica (27 damage)
             ... with a bolt of poison
             ... on level 8 of the Dungeon.
             The game lasted 00:12:00 (5813 turns).

Laan the Cleaver (Formicid Fighter)                 Turns: 5813, Time: 00:12:01

Health: -8/74      AC: 11    Str: 24    XL:     10   Next: 15%
Magic:  13/13      EV:  8    Int:  8    God:    the Shining One [*.....]
Gold:   479        SH:  0    Dex: 10    Spells: 9/9 levels left

rFire    . . .     SeeInvis +   a - +0 war axe
rCold    . . .     Gourm    .   c - +0 shield
rNeg     . . .     Faith    .   o - +3 scale mail
rPois    .         Spirit   .   (helmet unavailable)
rElec    .         Reflect  .   (no cloak)
rCorr    .         Harm     .   A - +0 pair of gloves
MR       +....                  (no boots)
Stlth    ..........             t - amulet of the acrobat
HPRegen  0.22/turn              m - ring of teleportation (curse)
MPRegen  0.13/turn              x - ring of stealth

@: confused, lethally poisoned (-8 -> -15), glowing
A: permanent stasis, dig shafts and tunnels, four strong arms, antennae 3
a: Dig, Shaft Self, Renounce Religion


You were on level 8 of the Dungeon.
You worshipped the Shining One.
The Shining One was aware of your devotion.
You were not hungry.

You visited 2 branches of the dungeon, and saw 9 of its levels.

You collected 479 gold pieces.

Inventory:

Hand Weapons
 a - a +0 war axe (weapon)
 h - a +1 dagger of venom
Armour
 c - a +0 shield (worn)
 o - a +3 scale mail (worn)
 A - a +0 pair of gloves (worn)
Jewellery
 m - a cursed ring of teleportation (left hand)
 t - an amulet of the acrobat (around neck)
 x - a ring of stealth (right hand)
Wands
 d - a wand of iceblast (9)
 j - a wand of disintegration (6)
Scrolls
 b - 2 scrolls of random uselessness {unknown}
 e - 12 scrolls of identify
 l - 3 scrolls of fear {unknown}
 p - 6 scrolls of remove curse
 q - 3 scrolls of enchant weapon {unknown}
 r - 5 scrolls of amnesia {unknown}
 s - a scroll of enchant armour {unknown}
 v - a scroll of immolation {unknown}
 w - a scroll of torment {unknown}
 y - a scroll of magic mapping {unknown}
Potions
 g - 2 potions of heal wounds {unknown}
 k - 3 potions of magic
 n - 2 potions of degeneration {unknown}
 u - a potion of brilliance {unknown}
Comestibles
 f - 13 rations
 z - 16 chunks of flesh


   Skills:
 + Level 5.1 Fighting
 + Level 11.4 Axes
 + Level 5.1 Armour
 + Level 5.6 Shields
 + Level 4.0 Invocations


You had 9 spell levels left.
You didn't know any spells.

Dungeon Overview and Level Annotations

Branches:
Dungeon (8/15)             Temple (1/1) D:5
   Lair: D:8-11

Altars:
Ashenzari
Cheibriados
Dithmenos
Elyvilon
Fedhas
Gozag
Hepliaklqana
Kikubaaqudgha
Makhleb
Nemelex Xobeh
Okawaru
Qazlal
Ru
Sif Muna
Trog
Uskayaw
Vehumet
Wu Jian
Xom
Yredelemnul
Zin
The Shining One

Annotations:
D:8 Erica


Innate Abilities, Weirdness & Mutations

You cannot be hasted, slowed, berserked, paralysed or teleported.
You can dig through walls and to a lower floor.
Your four strong arms can wield two-handed weapons with a shield.
You have a pair of large antennae on your head. (SInv)


Message History

Erica says, "Fast and perfect.
Such is my way of killing."
Erica hits you but does no damage.
You hit Erica.
Erica is severely wounded.
Erica points at you and mumbles some strange words.
You are confused.
You bump into the rock wall.
Erica points at you and mumbles some strange words.
You resist with some effort.
Erica points at you and mumbles some strange words.
You resist with some effort.
Erica hits you with a scimitar of flaming.
* * * LOW HITPOINT WARNING * * *
Erica burns you.
* * * LOW HITPOINT WARNING * * *
You bump into the rock wall.
Erica points at you and mumbles some strange words.
The bolt of poison hits you!
You are poisoned.
You die...

....##..)#######
#.$..#[......#
####..)#####.#
##)##
####รท..###.# #.
#.........#
###..###$##<..##.#
...)....@###.## #
###.###.@# #.#
#..# #.# .?.<. ..#
####..#### #..# {
...# ##.# .#


You could see Erica.

Vanquished Creatures
  Joseph (D:7)
  Grinder (D:3)
  A steam dragon (D:7)
  A hungry ghost (D:6)
  Duvessa (D:4)
  2 orc warriors (D:7)
  A sky beast (D:5)
  3 ogres
  A necrophage (D:5)
  A phantom (D:5)
  A centaur (D:5)
  2 bullfrogs
  Dowan (D:4)
  2 scorpions
  3 wights (D:7)
  A howler monkey (D:3)
  4 crimson imps
  5 hounds
  A quasit (D:6)
  A centaur skeleton (D:4)
  3 orc priests
  Jessica (D:3)
  An iguana (D:5)
  6 orc wizards
  7 worker ants
  Robin (D:4)
  8 adders
  4 gnolls (D:5)
  2 oozes
  An adder skeleton (D:7)
  3 dart slugs
  4 leopard geckos
  26 orcs
  6 giant cockroaches
  9 goblins
  7 hobgoblins
  10 jackals
  6 quokkas
  7 bats
  7 frilled lizards
  4 kobolds
  5 rats
162 creatures vanquished.

Notes
Turn   | Place    | Note
-------+----------+-------------------------------------------
     0 | D:1      | Laan the Formicid Fighter began the quest for the Orb.
     0 | D:1      | Reached XP level 1. HP: 18/18 MP: 1/1
   182 | D:1      | Reached XP level 2. HP: 22/24 MP: 2/2
   240 | D:1      | Reached skill level 3 in Axes
   262 | D:1      | Reached XP level 3. HP: 22/29 MP: 3/3
  1018 | D:2      | Reached skill level 4 in Axes
  1018 | D:2      | Reached XP level 4. HP: 32/35 MP: 4/4
  1532 | D:3      | Noticed Jessica
  1542 | D:3      | Killed Jessica
  1542 | D:3      | Reached XP level 5. HP: 41/41 MP: 5/5
  1733 | D:3      | Reached skill level 5 in Axes
  2123 | D:3      | You fall through a shaft for 2 floors!
  2123 | D:5      | Entered Level 5 of the Dungeon
  2130 | D:5      | Reached XP level 6. HP: 45/47 MP: 6/6
  2151 | D:5      | Noticed a phantom
  2189 | D:5      | Killed a phantom
  2189 | D:5      | Reached skill level 6 in Axes
  2289 | D:5      | Reached skill level 7 in Axes
  2289 | D:5      | Reached XP level 7. HP: 18/52 MP: 7/7
  2584 | D:4      | Reached skill level 8 in Axes
  2594 | D:4      | Reached XP level 8. HP: 53/58 MP: 8/8
  2654 | D:4      | Noticed Robin
  2663 | D:4      | Killed Robin
  2663 | D:4      | Reached skill level 9 in Axes
  2970 | D:4      | Noticed Grinder
  2971 | D:4      | Noticed Dowan
  2972 | D:4      | Noticed Duvessa
  3262 | D:3      | Killed Grinder
  3381 | D:4      | Killed Duvessa
  3381 | D:4      | Reached skill level 10 in Axes
  3382 | D:4      | Killed Dowan
  3781 | D:5      | Reached XP level 9. HP: 64/64 MP: 9/9
  3841 | D:5      | Found a staircase to the Ecumenical Temple.
  3850 | Temple   | Entered the Ecumenical Temple
  3949 | Temple   | Became a worshipper of the Shining One
  4053 | D:5      | Reached skill level 11 in Axes
  4163 | D:6      | Reached skill level 1 in Invocations
  5030 | D:7      | The Shining One protects you from harm!
  5194 | D:7      | Found a shimmering altar of Xom.
  5205 | D:7      | Reached * piety under the Shining One
  5252 | D:7      | Reached skill level 5 in Shields
  5448 | D:7      | Noticed Joseph
  5476 | D:7      | Killed Joseph
  5476 | D:7      | Reached skill level 5 in Fighting
  5476 | D:7      | Reached skill level 5 in Armour
  5476 | D:7      | Reached XP level 10. HP: 62/74 MP: 12/12
  5796 | D:8      | Noticed Erica
  5813 | D:8      | Killed from afar by Erica

Vault maps used:
D:1:      evilmike_arrival_hilbert_curve
D:3:      uniq_jessica
D:4:      uniq_duvessa, uniq_robin, uniq_grinder
D:5:      minmay_temple_entry_statues_fountains, first_ration
D:6:      minmay_door_square
D:7:      lemuel_crystal_altar, uniq_joseph
D:8:      uniq_erica
Temple:   kilobyte_greek_temple

Skill      XL: |  1  2  3  4  5  6  7  8  9 10 |
---------------+-------------------------------+-----
Axes           | 3 4 5 7 8 10 11 | 11.4
Invocations    | 3 4 |  4.0
Shields        | 5 |  5.6
Armour         | 5 |  5.1
Fighting       | 5 |  5.1

Action                   |  1- 3 |  4- 6 |  7- 9 | 10-12 || total
-------------------------+-------+-------+-------+-------++-------
Melee: War axe           |   107 |   137 |   305 |    34 ||   583
Evoke: Wand              |       |       |    11 |       ||    11
  Use: Scroll            |     4 |       |       |       ||     4
       Potion            |       |     1 |     5 |     3 ||     9
  Eat: Chunk             |     1 |     4 |     9 |     1 ||    15
       Ration            |       |       |     1 |       ||     1
Armor: Scale mail        |    68 |    70 |   125 |     3 ||   266
Dodge: Dodged            |    36 |    60 |   102 |     7 ||   205
Block: Shield            |    80 |    84 |   151 |     8 ||   323

Table legend:
 A = Spawn XP
 B = Non-spawn XP
 C = Spawn XP percentage of total XP
 D = Spawn monster count
 E = Non-spawn monster count
 F = Spawn count percentage of total count
 G = Total turns spent on level
                    A         B        C        D         E        F      G
               +---------+---------+-------+---------+---------+-------+---------
         Total |       0 |    4510 |   0.0 |       0 |     162 |   0.0 |  5813
               +---------+---------+-------+---------+---------+-------+---------
           D:1 |       0 |      38 |   0.0 |       0 |      21 |   0.0 |   825
           D:2 |       0 |      67 |   0.0 |       0 |      20 |   0.0 |   659
           D:3 |       0 |     597 |   0.0 |       0 |      28 |   0.0 |  1156
           D:4 |       0 |     606 |   0.0 |       0 |      18 |   0.0 |   701
           D:5 |       0 |     951 |   0.0 |       0 |      15 |   0.0 |   671
           D:6 |       0 |     472 |   0.0 |       0 |      21 |   0.0 |   494
           D:7 |       0 |    1694 |   0.0 |       0 |      32 |   0.0 |  1128
           D:8 |       0 |      85 |   0.0 |       0 |       7 |   0.0 |    47
               +---------+---------+-------+---------+---------+-------+---------
